Map: Eastwatch LE

Players

Neeb

  • Race: Protoss Protoss
  • Spawn Location: 7:00

Elazer - Winner!

  • Race: Zerg Zerg
  • Spawn Location: 1:00

Event: WCS Leipzig 2018

VOD

Have the link to the VOD?

Description

Time

  • Played on: Jan. 27, 2018, 10:37 a.m.
  • Length: 9:12

All games in this series

Show
View Real Time Build Order
Export as new Build Order

Neeb Protoss 

Build Orders: 1 Gate Expand, Mass Adepts 

Get SALT Encoding   

  12  0:00  Probe  
  13  0:12  Probe  
  14  0:18  Pylon  
  14  0:24  Probe  
  15  0:36  Assimilator  
  15  0:37  Probe (Chrono Boost)  
  16  0:47  Gateway  
  16  0:49  Probe (Chrono Boost)  
  18  0:57  Probe (Chrono Boost)  
  18  1:03  Probe  
  19  1:15  Probe  
  20  1:26  Nexus  
  20  1:35  Cybernetics Core  
  20  1:36  Probe  
  21  1:43  Assimilator  
  21  1:48  Probe  
  21  1:52  Pylon  
  22  2:01  Probe  
  23  2:09  Adept (Chrono Boost)  
  23  2:10  Warp Gate (Chrono Boost)  
  23  2:13  Probe  
  26  2:25  Probe  
  26  2:29  Twilight Council  
  27  2:30  Adept  
  29  2:38  Probe x2 (Chrono Boost)  
  30  2:50  Probe x2 (Chrono Boost)  
  32  2:56  Probe (Chrono Boost)  
  32  2:57  Probe (Chrono Boost)  
  34  3:00  Gateway  
  34  3:03  Gateway  
  34  3:06  Probe  
  34  3:07  Resonating Glaives (Chrono Boost)  
  34  3:08  Probe  
  36  3:17  Adept  
  36  3:19  Probe  
  39  3:21  Probe  
  40  3:28  Pylon  
  40  3:31  Probe  
  40  3:33  Probe  
  42  3:39  Pylon  
  42  3:44  Probe  
  42  3:46  Probe  
  44  3:56  Probe  
  44  3:58  Probe  
  46  4:03  Assimilator  
  46  4:04  Adept x3, Assimilator  
  46  4:08  Probe  
  46  4:09  Pylon  
  53  4:10  Probe  
  54  4:19  Stargate  
  54  4:20  Stargate  
  54  4:25  Adept x2  
  54  4:30  Adept, Probe  
  59  4:35  Probe  
  60  4:43  Probe  
  51  4:53  Adept  
  51  4:56  Adept, Probe  
  49  5:00  Probe  
  50  5:08  Adept  
  50  5:09  Probe  
  50  5:12  Probe  
  54  5:15  Adept  
  54  5:17  Adept  
  58  5:21  Probe  
  58  5:24  Probe  
  60  5:28  Adept  
  60  5:30  Phoenix (Chrono Boost)  
  60  5:31  Phoenix (Chrono Boost)  
  66  5:37  Protoss Air Weapons Level 1  
  66  5:41  Adept  
  68  5:51  Adept  
  68  5:54  Pylon  
  68  5:55  Pylon  
  70  6:13  Probe x2  
  70  6:14  Adept x3, Phoenix (Chrono Boost)  
  70  6:15  Phoenix (Chrono Boost)  
  82  6:31  Pylon  
  84  6:34  Phoenix (Chrono Boost)  
  84  6:37  Phoenix (Chrono Boost)  
  86  6:50  Adept x3, Pylon  
  86  6:51  Phoenix (Chrono Boost)  
  94  6:59  Pylon  
  94  7:07  Phoenix x2  
  97  7:25  Probe  
  97  7:26  Probe  
  91  7:32  Phoenix x2  
  91  7:35  Adept x3  
  89  7:51  Nexus  
  81  7:52  Probe  
  81  7:56  Phoenix x2 (Chrono Boost)  
  84  7:59  Adept x2  
  84  8:02  Adept  
  84  8:12  Phoenix x2 (Chrono Boost)  
  87  8:20  Pylon  
  87  8:21  Adept x2  
  87  8:22  Adept  
  93  8:34  Pylon  
  93  8:35  Pylon  
  93  8:37  Phoenix  
  95  8:42  Phoenix  
  95  8:45  Adept x2  
  95  8:46  Adept  
Show
View Real Time Build Order
Export as new Build Order

Elazer Zerg - Winner!

Build Orders: Pool First 

Get SALT Encoding   

  12  0:00  Drone  
  13  0:13  Overlord  
  13  0:17  Drone  
  14  0:31  Drone x2  
  14  0:35  Drone  
  17  0:45  Drone, Extractor  
  17  0:49  Spawning Pool  
  16  0:56  Drone  
  17  1:08  Drone  
  18  1:22  Hatchery  
  18  1:23  Drone  
  18  1:36  Queen  
  18  1:38  Zergling x2  
  21  1:45  Metabolic Boost  
  21  1:51  Overlord  
  21  1:55  Drone  
  22  2:10  Drone  
  22  2:14  Drone  
  24  2:22  Zergling x2  
  25  2:33  Queen  
  25  2:34  Drone, Zergling x2  
  29  2:45  Drone  
  29  2:46  Drone  
  29  2:51  Hatchery  
  30  2:52  Drone  
  30  2:53  Drone  
  30  2:56  Drone  
  30  2:57  Drone  
  34  3:06  Overlord  
  34  3:08  Drone  
  35  3:13  Drone  
  35  3:24  Overlord  
  35  3:29  Baneling Nest  
  35  3:31  Queen  
  36  3:35  Overlord  
  36  3:37  Drone  
  36  3:38  Zergling x8  
  36  3:41  Drone x2  
  43  3:43  Overlord  
  43  3:50  Zergling x4  
  45  3:57  Zergling x6  
  48  4:04  Overlord  
  48  4:07  Zergling x2  
  48  4:08  Zergling x2  
  50  4:11  Zergling x2  
  50  4:13  Baneling x4  
  50  4:14  Zergling x6  
  54  4:18  Overlord  
  54  4:19  Drone  
  55  4:24  Lair  
  55  4:27  Zergling x4  
  56  4:32  Overlord  
  56  4:34  Drone  
  54  4:38  Drone  
  54  4:39  Drone x2  
  54  4:41  Drone x2  
  54  4:43  Drone  
  54  4:44  Drone  
  54  4:45  Drone  
  58  4:46  Drone  
  58  4:49  Drone  
  58  4:51  Drone x4  
  60  4:58  Drone  
  57  5:00  Drone  
  57  5:01  Drone  
  57  5:03  Extractor  
  57  5:04  Overlord  
  57  5:05  Drone x2, Extractor x2  
  57  5:06  Extractor  
  57  5:09  Drone  
  57  5:11  Overlord  
  58  5:14  Drone  
  58  5:21  Baneling x3  
  59  5:23  Zergling x2  
  59  5:24  Zergling x6  
  63  5:30  Hydralisk Den  
  63  5:32  Zergling x6, Spore Crawler  
  63  5:33  Zergling x2  
  63  5:34  Drone x3, Spore Crawler  
  67  5:38  Spore Crawler  
  67  5:39  Drone  
  67  5:41  Drone  
  68  5:44  Drone  
  68  5:46  Drone  
  68  5:48  Zergling x2  
  68  5:49  Zergling x2  
  67  5:51  Zergling x2  
  67  5:56  Zergling x2  
  67  5:57  Zergling x8  
  72  6:01  Baneling x3  
  72  6:03  Hydralisk  
  74  6:06  Hydralisk  
  74  6:10  Hydralisk  
  78  6:15  Baneling x3  
  78  6:17  Hydralisk x2  
  82  6:20  Hydralisk  
  82  6:22  Hydralisk  
  86  6:26  Muscular Augments  
  86  6:28  Hydralisk  
  86  6:31  Hydralisk  
  90  6:36  Hydralisk x2  
  91  6:40  Hydralisk  
  91  6:44  Hydralisk x2  
  97  6:49  Overlord  
  97  6:50  Overlord  
  97  6:56  Overlord  
  97  7:07  Baneling  
  97  7:08  Baneling x3  
  96  7:09  Hydralisk x4  
  96  7:13  Hydralisk x2  
  108  7:20  Hydralisk x2  
  104  7:26  Hydralisk x2  
  104  7:28  Zergling x6  
  99  7:31  Zergling x4  
  99  7:35  Zergling x2  
  99  7:36  Zergling x4  
  100  7:40  Zergling x6  
  92  7:53  Zergling x12, Overlord  
  93  8:04  Overlord x2  
  92  8:09  Overlord x2  
  91  8:16  Overlord  
  91  8:22  Overlord, Queen x2  
  95  8:32  Baneling x8  
  95  8:36  Hydralisk x2  
  95  8:39  Baneling  
  95  8:40  Baneling x7  
  97  8:41  Baneling  
  97  8:42  Baneling  
  97  8:43  Baneling x2  
  97  8:46  Zergling x2  
  97  8:47  Zergling x2  
Tags
 
Add a new tag
Caveats
  • Supply blocks, unpowered buildings, or Contaminate may cause inaccurate times.
  • Supply counts are checked every 10 seconds.